 Dungeon Crawl Stone Soup version 0.30-a0-883-g5ad918d77d (webtiles) character file.

Game seed: 8289443633404146276

191 Sanktem7 the Trooper (level 5, -3/47 HPs)
             Began as a Minotaur Fighter on Mar 16, 2023.
             Slain by a gnoll
             ... wielding a +0 halberd
             ... led by a gnoll bouda
              (8 damage)
             ... on level 4 of the Dungeon.
             The game lasted 00:02:29 (2366 turns).

Sanktem7 the Trooper (Minotaur Fighter)             Turns: 2366, Time: 00:02:29

Health: -3/47      AC:  9    Str: 22    XL:     5   Next: 42%
Magic:  4/4        EV:  7    Int:  5    God:
Gold:   151        SH:  4    Dex: 10    Spells: 4/4 levels left

rFire   . . .      SeeInvis .    a - +0 war axe
rCold   . . .      Faith    .    c - +0 buckler
rNeg    . . .      Spirit   .    f - +0 chain mail
rPois   .          Reflect  .    (helmet restricted)
rElec   .          Rampage  .    (no cloak)
rCorr   .                        (no gloves)
Will    .....                    (no boots) Stlth
                                 (no amulet)
HPRegen 0.27/turn                (no ring)
MPRegen 0.09/turn                (no ring)

@: no status effects
A: horns 2, retaliatory headbutt
a: no special abilities


You were on level 4 of the Dungeon.
You visited 1 branch of the dungeon, and saw 4 of its levels.

You collected 151 gold pieces.

Inventory:

Hand Weapons
 a - a +0 war axe (weapon)
Armour
 c - a +0 buckler (worn)
 f - a +0 chain mail (worn)
Jewellery
 q - a ring of magical power
Scrolls
 b - 2 scrolls of magic mapping {unknown}
 g - a scroll of immolation {unknown}
 h - a scroll of vulnerability {unknown}
 i - a scroll of poison {unknown}
 m - 3 scrolls of identify {unknown}
 n - a scroll of fog {unknown}
 p - a scroll of enchant weapon {unknown}
 r - 2 scrolls of teleportation {unknown}
Potions
 d - 2 potions of might
 e - 2 potions of curing {unknown}
 j - 2 potions of berserk rage {unknown}
 k - a potion of attraction {unknown}
 l - 2 potions of flight {unknown}
 o - a potion of brilliance {unknown}
 s - a potion of haste {unknown}


   Skills:
 + Level 4.9 Fighting
 + Level 4.1 Axes
 + Level 4.8 Armour
 + Level 4.8 Shields


You had 4 spell levels left.
You didn't know any spells.
Your spell library was empty.

Dungeon Overview and Level Annotations

Branches:
Dungeon (4/15)
 Temple: D:4-7

Altars:


Innate Abilities, Weirdness & Mutations

You have a pair of horns on your head.
You reflexively headbutt those who attack you in melee.


Message History

You slash the gnoll bouda! Your headbutt misses the gnoll bouda.
The gnoll bouda is severely wounded.
The gnoll hits you but does no damage.
The gnoll bouda hits you with a +0 whip!
The gnoll hits you from afar with a +0 halberd!
* * * LOW HITPOINT WARNING * * *
The gnoll hits you but does no damage.
You hit the gnoll bouda.
The gnoll bouda is severely wounded.
The gnoll is no longer moving quickly. x3; You block the gnoll bouda's attack.
The gnoll bouda barks out a call to the hunt!
The gnolls pick up the pace!
You barely miss the gnoll bouda. You headbutt the gnoll bouda.
You kill the gnoll bouda!
Your attacks no longer feel as feeble.
The gnoll hits you but does no damage.
You hit the gnoll.
The gnoll is lightly wounded.
The gnoll is no longer moving quickly.
The gnoll hits you from afar with a +0 halberd.
* * * LOW HITPOINT WARNING * * *
The gnoll hits you but does no damage. You block the gnoll's attack.
You barely miss the gnoll.
The gnoll is lightly wounded.
You block the gnoll's attack. The gnoll barely misses you.
You hit the gnoll but do no damage. Your headbutt misses the gnoll.
The gnoll is lightly wounded.
The gnoll hits you but does no damage. You block the gnoll's attack.
You hit the gnoll.
The gnoll is heavily wounded.
The gnoll hits you with a +0 club.
* * * LOW HITPOINT WARNING * * *
You block the gnoll's attack. The gnoll barely misses you.
Unknown command.
You barely miss the gnoll.
The gnoll is heavily wounded.
The gnoll hits you but does no damage. The gnoll hits you with a +0 club.
* * * LOW HITPOINT WARNING * * *
The gnoll hits you from afar with a +0 halberd!
You die...

#............#
#....#.#.###.#
#..........#.##
#.....†###.#..#
########........##
.....)))......#.####
#.#####.#######....#
..# #......g####.#
### ####...ggg@..# #
#.##S###### # .. #
#.# ##### # .....
##### .... ####


You could see 4 gnolls and an adder.

Vanquished Creatures
  2 gnoll boudas (D:4)
  2 adders
  4 gnolls (D:4)
  A worm (D:2)
  A dart slug (D:2)
  9 orcs (D:3)
  8 bats
  4 endoplasms
  7 giant cockroaches
  3 hobgoblins
  2 jackals (D:3)
  2 kobolds
  2 quokkas
  2 ball pythons
  3 frilled lizards
  6 goblins
  3 rats
61 creatures vanquished.

Notes
Turn   | Place    | Note
-------+----------+-------------------------------------------
     0 | D:1      | Sanktem7 the Minotaur Fighter began the quest for the Orb.
     0 | D:1      | Reached XP level 1. HP: 19/19 MP: 0/0
   301 | D:1      | Reached XP level 2. HP: 25/27 MP: 1/1
   721 | D:2      | Reached XP level 3. HP: 33/33 MP: 2/2
  1398 | D:3      | Found a faded altar of an unknown god.
  1537 | D:3      | Reached XP level 4. HP: 36/41 MP: 3/3
  2178 | D:4      | Reached XP level 5. HP: 11/47 MP: 4/4
  2366 | D:4      | Slain by a gnoll

Illustrated notes

Levels and vault maps discovered:
D:1:      scummos_arrival_checkerplants, layout_loops_ring
D:2:      layout_loops_ring, kennysheep_generic_room_4
D:3:      layout_basic, ebering_ecumenical_altar_box
D:4:      layout_basic, lemuel_blue_sif_altar, minmay_box_of_dots

Skill      XL: |  1  2  3  4  5 |
---------------+----------------+-----
Fighting       | 4 |  4.9
Axes           | 3 4 |  4.1
Armour         | 4 |  4.8
Shields        | 4 |  4.8

Action                     |  1- 3 |  4- 6 || total
---------------------------+-------+-------++-------
  Melee: War axe           |   100 |    51 ||   151
         Headbutt          |     9 |     9 ||    18
 Armour: Chain mail        |    79 |    40 ||   119
  Dodge: Dodged            |    32 |    22 ||    54
  Block: Buckler           |    21 |    17 ||    38

Table legend: (Time is in decaauts)
 A = Elapsed time spent in this place.
 B = Non-inter-level travel time spent in this place.
 C = Inter-level travel time spent in this place.
 D = Time resting spent in this place.
 E = Time spent auto-exploring this place.
 F = Levels seen in this place.
 G = Mean time per level.
                   A        B        C        D        E       F      G
               +--------+--------+--------+--------+--------+-----+--------+
         Total |   2422 |   2353 |     69 |    145 |   1807 |   4 |  605.5 |
       Dungeon |   2422 |   2353 |     69 |    145 |   1807 |   4 |  605.5 |
               +--------+--------+--------+--------+--------+-----+--------+

Top non-repeatable levels by time:
     D:3: 828 daAuts
     D:2: 690 daAuts
     D:1: 660 daAuts
     D:4: 243 daAuts
